 Dungeon Sprint DCSS version 0.17-a0-1753-g75d4604 (webtiles) character file.

602 KambridgeKobold the Fighter (level 7, -1/64 HPs)
             Began as a Demonspawn Gladiator on Sept 2, 2015.
             Was a Priest of Jiyva.
             Slain by a centaur warrior (13 damage)
             ... in the Dungeon (Sprint I: "Red Sonja").
             The game lasted 00:03:55 (1422 turns).

KambridgeKobold the Fighter (Demonspawn Gladiator)  Turns: 1422, Time: 00:03:56

Health: -1/64      AC:  5    Str: 15    XL:     7   Next: 18%
Magic:  9/9        EV: 17    Int:  9    God:    Jiyva [***...]
Gold:   129        SH:  0    Dex: 16    Spells: 0 memorised, 6 levels left

rFire  . . .     SeeInvis .     a - +0 long sword
rCold  . . .     Clarity  .     b - +0 leather armour
rNeg   . . .     SustAt   .     (no shield)
rPois  .         Gourm    .     (helmet restricted)
rElec  .         Spirit   .     (no cloak)
rCorr  +         Warding  .     (no gloves)
rMut   .         NoTele   +     (no boots)
MR     .....                    (no amulet)
Stlth  ++........               (no ring)
                                (no ring)

@: stone skin, not resistant to hostile enchantments, unstealthy
A: antennae 1, claws 1, talons 1, nightstalker 1, jelly absorbing missiles, rot
immunity
a: Request Jelly, Jelly Paralyse, Renounce Religion


You were in the Dungeon.
You worshipped Jiyva.
Jiyva was most pleased with you.
You were very hungry.

You visited 1 branch You collected 297 gold pieces.
You spent 168 gold pieces at shops.

Inventory:

Hand weapons
 a - a +0 long sword (weapon)
Missiles
 d - 3 throwing nets (quivered)
Armour
 b - a +0 leather armour (worn)
Scrolls
 k - a scroll of blinking
Potions
 f - a potion of curing
 g - a potion of heal wounds
 h - a potion of haste
 j - a potion of berserk rage
 q - a potion of flight {unknown}
Miscellaneous
 r - a plain deck of defence {drawn: 1}
Comestibles
 e - a bread ration
 o - a meat ration


   Skills:
 + Level 9.1 Fighting
 + Level 8.5 Long Blades
 - Level 1.7 Throwing
 - Level 8.6 Dodging
 + Level 3.1 Evocations


You had 6 spell levels left.
You didn't know any spells.

Dungeon Overview and Level Annotations

Branches:
Dungeon (1/1)

Altars:
Cheibriados
Dithmenos
Elyvilon
Fedhas
Gozag
Kikubaaqudgha
Makhleb
Nemelex Xobeh
Okawaru
Qazlal
Ru
Sif Muna
Trog
Vehumet
Xom
Yredelemnul
Zin
The Shining One
Jiyva

Shops:
D }


Innate Abilities, Weirdness & Mutations

You have a pair of small antennae on your head.
You have sharp fingernails.
You have sharp toenails.
You are slightly more attuned to the shadows.
You are immune to rotting.
You have a small jelly attached to you that may absorb incoming projectiles.


Message History

You hear a distant slurping noise.
You feel a little less hungry.
Evoke which item? (* to show all) (? for menu, Esc to quit)
You draw a card...
It is the Helm.
Your skin hardens.
You enter the shallow water.
Moving in this stuff is going to be slow.
The centaur warrior shouts! x2
The centaur warrior wields a shortbow.
The centaur warrior shoots an arrow.
The arrow hits you.
You hear a splash.
The centaur warrior wields a longbow.
The centaur warrior shoots an arrow.
The arrow hits you!!
You hear a splash.
The centaur warrior shoots an arrow.
The arrow hits you!!
* * * LOW HITPOINT WARNING * * *
You hear a splash.
You hear a distant slurping noise.
You see here 3 arrows.
The centaur warrior unwields an uncursed longbow.
The centaur warrior hits you!
You die...

################
#..'..#..'..#__#
'..#..'..#..'..+
#####'#####'#__####
####..#...#.####§§#
#__####..##J#≈§≈§c#
#_..__##'#...§≈§@.+
#_.∩...'..._#≈§§.c#
#_..._##_.#'##+####
#_____###+#.#
####### ###


You could see 2 centaur warriors.

Vanquished Creatures
  A slime creature (D)
  Sigmund (D)
  A yak (D)
  An ogre (D)
  A jelly (D)
  Ijyb (D)
6 creatures vanquished.

Notes
Turn   | Place    | Note
--------------------------------------------------------------
     0 | D        | KambridgeKobold the Demonspawn Gladiator began the quest for the Orb.
     0 | D        | Reached XP level 1. HP: 16/16 MP: 1/1
     1 | D        | Noticed Ijyb
    20 | D        | Killed Ijyb
    20 | D        | Reached skill level 3 in Fighting
    20 | D        | Reached skill level 4 in Long Blades
    20 | D        | Gained mutation: You have a pair of small antennae on your head. [demonic ancestry]
    20 | D        | Reached XP level 2. HP: 7/25 MP: 2/2
   245 | D        | Noticed an ogre
   250 | D        | HP: 1/25 [ogre/giant club (18)]
   251 | D        | Killed an ogre
   251 | D        | Reached skill level 5 in Fighting
   251 | D        | Reached skill level 5 in Long Blades
   251 | D        | Reached skill level 5 in Dodging
   251 | D        | Gained mutation: You are slightly more attuned to the shadows. [demonic ancestry]
   251 | D        | Reached XP level 3. HP: 1/34 MP: 3/3
   251 | D        | Reached XP level 4. HP: 1/40 MP: 4/4
   549 | D        | Noticed Sigmund
   557 | D        | Killed Sigmund
   557 | D        | Reached skill level 7 in Fighting
   557 | D        | Gained mutation: You have sharp toenails. [demonic ancestry]
   557 | D        | Reached XP level 5. HP: 10/48 MP: 5/5
   557 | D        | Gained mutation: You are immune to rotting. [demonic ancestry]
   557 | D        | Reached XP level 6. HP: 11/55 MP: 6/6
   810 | D        | Found a deep blue altar of Sif Muna.
   811 | D        | Noticed a jelly
   812 | D        | Found a radiant altar of Vehumet.
   824 | D        | Killed a jelly
   925 | D        | Found Fomurus's Gadget Emporium.
   925 | D        | Found a stormy altar of Qazlal.
   925 | D        | Found a burning altar of Makhleb.
   925 | D        | Found a sacrificial altar of Ru.
   925 | D        | Found a sparkling altar of Nemelex Xobeh.
   925 | D        | Found a shimmering altar of Xom.
   925 | D        | Found an opulent altar of Gozag.
   925 | D        | Noticed a yak
   926 | D        | Found a white marble altar of Elyvilon.
   926 | D        | Found a basalt altar of Yredelemnul.
   926 | D        | Found a glowing golden altar of the Shining One.
   926 | D        | Found an iron altar of Okawaru.
   926 | D        | Found an ancient bone altar of Kikubaaqudgha.
   926 | D        | Found a glowing silver altar of Zin.
   936 | D        | Killed a yak
   936 | D        | Reached skill level 8 in Fighting
   937 | D        | Found a bloodstained altar of Trog.
  1153 | D        | Bought a plain deck of defence for 168 gold pieces
  1165 | D        | Found a snail-covered altar of Cheibriados.
  1165 | D        | Found a viscous altar of Jiyva.
  1165 | D        | Found a shadowy altar of Dithmenos.
  1165 | D        | Found a blossoming altar of Fedhas.
  1165 | D        | Noticed a slime creature
  1175 | D        | Killed a slime creature
  1175 | D        | Reached skill level 9 in Fighting
  1175 | D        | Gained mutation: You have sharp fingernails. [demonic ancestry]
  1175 | D        | Reached XP level 7. HP: 25/64 MP: 6/9
  1371 | D        | Became a worshipper of Jiyva Juukepus the Shapeless
  1398 | D        | Acquired Jiyva's first power
  1400 | D        | Acquired Jiyva's second power
  1411 | D        | Noticed a centaur warrior
  1411 | D        | Gained mutation: You have a small jelly attached to you that may absorb incoming projectiles. [Jiyva's grace]
  1415 | D        | Noticed a centaur warrior
  1422 | D        | Slain by a centaur warrior

Vault maps used:
D:        dungeon_sprint_1

Action                   |  1- 3 |  4- 6 |  7- 9 || total
-------------------------+-------+-------+-------++-------
Melee: Long sword        |    23 |    30 |       ||    53
Evoke: Deck              |       |       |     1 ||     1
 Stab: Sleeping          |       |     1 |       ||     1
